Pick #1

Connor Bedard
Pick #2

Leo Carlsson
Pick #3

Adam Fantilli
Pick #4

Matvei Michkov
Pick #5

David Reinbacher
Pick #6

William Smith
Pick #7

Zachary Benson
Pick #8

Ryan Leonard
Pick #9

Gabriel Perreault
Pick #10

Axel Sandin-Pellika
Pick #11

Daniil But
Pick #12

Dalibor Dvorsky
Pick #13

Quentin Musty
Pick #14

Brayden Yager
Pick #15

Dmitry Simashev
Pick #16

Colby Barlow
Pick #17

Andrew Cristall
Pick #18

Easton Cowan
Pick #19

Jacob Fowler
Pick #20

Oliver Moore
Pick #21

Oliver Bonk
Pick #22

Tom Willander
Pick #23

Calum Ritchie
Pick #24

Tanner Molendyk
Pick #25

Gavin Brindley
Pick #26

Nate Danielson
Pick #27

Pick #28

Pick #29

Pick #30

Pick #31

Pick #32

Pick #33

Pick #34

Pick #35

Pick #36

Pick #37

Pick #38

Pick #39

Pick #40

Pick #41

Pick #42

Pick #43

Pick #44

Pick #45

Pick #46

Pick #47

Pick #48

Pick #49

Pick #50

Pick #51

Pick #52

Pick #53

Pick #54

Pick #55

Pick #56

Pick #57

Pick #58

Pick #59

Pick #60

Pick #61

Pick #62

Pick #63

Pick #64

Pick #65

Pick #66

Pick #67

Pick #68

Pick #69

Pick #70

Pick #71

Pick #72

Pick #73

Pick #74

Pick #75

Pick #76

Pick #77

Pick #78

Pick #79

Pick #80

Pick #81

Pick #82

Pick #83

Pick #84

Pick #85

Pick #86

Pick #87

Pick #88

Pick #89

Pick #90

Pick #91

Pick #92

Pick #93

Pick #94

Pick #95

Pick #96

Pick #97

Pick #98

Pick #99

Pick #100

Pick #101

Pick #102

Pick #103

Pick #104

Pick #105

Pick #106

Pick #107

Pick #108

Pick #109

Pick #110

Pick #111

Pick #112

Pick #113

Pick #114

Pick #115

Pick #116

Pick #117

Pick #118

Pick #119

Pick #120

Pick #121

Pick #122

Pick #123

Pick #124

Pick #125

Pick #126

Pick #127

Pick #128

Pick #129

Pick #130

Full Scoreboard »»

Devils vs Penguins

Created - January 28, 2024 at 12:51

Goals
1 2 3 OT1 T
Devils 2 0 0 0 2
Penguins 1 1 0 1 3
Shots
1 2 3 OT1 T
Devils 11 6 5 1 23
Penguins 6 13 9 1 29

GoalsPenalties
1st period
1. Penguins , Rem Pitlick 3 (Devon Toews 18, Justin Faulk 13) at 3:26
2. Devils , Sam Reinhart 12 (Justin Schultz 15) at 14:46
3. Devils , Mikhail Sergachev 9 (Dougie Hamilton 20, Matt Boldy 13) at 16:44 (PP)
Josh Anderson (PIT) for Hooking (Minor) at 15:20
2nd period
4. Penguins , Rudolfs Balcers 2 (Rem Pitlick 4, Jeff Petry 19) at 8:39
Aliaksei Protas (PIT) for Tripping (Minor) at 5:57
Mikhail Sergachev (NJD) for Interference (Minor) at 15:11
3rd period
No Goal
Dougie Hamilton (NJD) for Hooking (Minor) at 15:56
Overtime #1
5. Penguins , Cole Caufield 8 (Justin Faulk 14) at 1:31
No Penalty
Goalie Stats
Andrei Vasilevskiy (NJD), 26 saves from 29 shots - (0.897), OTL, 18-7-5, 61:32 minutes
Calvin Petersen (PIT), 21 saves from 23 shots - (0.913), W, 9-8-2, 61:32 minutes
3 StarsOfficial
1 - Rem Pitlick (PIT)
2 - Justin Faulk (PIT)
3 - Rudolfs Balcers (PIT)
Referees : Michael Markovic and Troy Paterson
Linesman : Jaime Alary and David Brisebois
Game Note
No Game Note
Finance
Level 1 -- Attendance: 6500 (100.00%) -- Ticket Income $780,000
Level 2 -- Attendance: 5000 (100.00%) -- Ticket Income $425,000
Level 3 -- Attendance: 3443 (98.37%) -- Ticket Income $223,795
Level 4 -- Attendance: 2387 (100.00%) -- Ticket Income $107,415
Luxury Box -- Attendance: 871 (87.10%) -- Ticket Income $195,975
Game was played at the Consol Energy Center.
Total Attendance: 18201 (98.99%)
Total Ticket Income: $1,732,185
Other Income: $433,046
Total Income: $2,165,231



Team Name Goals Shots Shots Attemp Shots Blocked PIM HIT PP PK FO%
Devils 22340114171 / 2 (50%)049%
Penguins 3296564230 / 2 (0%)151%

Devils
Player Name POS G A P +/- PIM HIT SHT SB MP PP MP PP SHT PK MP PK SHT FO% FOT
Chris KreiderLW0000012018:371:4800:0000% 1
Damon SeversonD0000023321:031:2902:2000% 0
Dominik KubalikLW000000003:500:0000:2000% 1
Dougie HamiltonD011-1223023:241:5430:5500% 0
Dylan CozensC000-1001118:440:0002:13041% 22
Erik GustafssonD0000012220:561:2902:1300% 0
Evgeni MalkinC000-1012019:041:3510:08048% 21
Justin SchultzD0110000117:560:0002:0500% 0
Kyle OkposoRW000002106:170:0002:4700% 1
Mathieu JosephRW000-1010217:000:0000:29050% 2
Matt BoldyLW0110001018:261:3500:000100% 1
Mike HoffmanLW000-1011016:310:0000:000100% 1
Mikhail SergachevD101-2241122:201:5410:2300% 0
Nicklas BackstromC000001005:290:0001:59044% 9
Nino NiederreiterRW0000011118:261:3500:0000% 0
Sam ReinhartC1010003018:371:4800:00064% 22
Travis KonecnyRW000-1002018:051:4810:0000% 1
Urho VaakanainenD0000000015:510:0000:0000% 0
Penguins
Player Name POS G A P +/- PIM HIT SHT SB MP PP MP PP SHT PK MP PK SHT FO% FOT
Aliaksei ProtasC000220107:310:0000:0000% 1
Cole CaufieldRW1010013020:342:2510:0000% 0
Devon ToewsD0111003124:181:5601:5000% 0
Henri JokiharjuD0000001015:160:0000:0000% 0
Jeff PetryD0110010221:402:0201:3300% 0
Josh AndersonRW0000244016:270:0000:0000% 1
Julien GauthierRW0000050010:480:0000:0000% 1
Justin FaulkD0222031223:221:5611:5000% 0
Kevin FialaLW000-1000022:332:2501:0300% 2
Logan O'ConnorRW0000012014:411:3312:20050% 2
Mathew DumbaD0000033121:402:0201:3300% 0
Matt RoyD0000011015:160:0000:0000% 0
Nick SuzukiC000-1032022:332:2501:03058% 33
Phil KesselRW0000000018:011:3300:0000% 1
Rem PitlickC112200307:320:0000:00063% 8
Rudolfs BalcersLW101200107:320:0000:0000% 1
Ryan PoehlingC0000001013:080:0002:20060% 15
Seth JarvisC0001013018:191:3300:00047% 17



Play-by-Play

1st period


0:01 of 1st period - Nick Suzuki wins face-off versus Sam Reinhart in neutral zone.
0:04 of 1st period - Chris Kreider is hit by Cole Caufield and loses puck.
0:19 of 1st period - Shot by Sam Reinhart.
0:19 of 1st period - Shot Misses the Net.
0:21 of 1st period - Shot by Chris Kreider.
0:21 of 1st period - Shot Misses the Net.
2:00 of 1st period - Matt Roy is hit by Mathieu Joseph and loses puck.
2:30 of 1st period - Icing by Logan O'Connor.
2:31 of 1st period - Ryan Poehling wins face-off versus Dominik Kubalik in Penguins zone.
2:31 of 1st period - Henri Jokiharju is hit by Kyle Okposo and loses puck.
2:46 of 1st period - Shot by Dominik Kubalik.
2:46 of 1st period - Shot Misses the Net.
3:08 of 1st period - Shot by Dougie Hamilton.
3:08 of 1st period - Shot Hit the Post.
3:10 of 1st period - Shot by Kyle Okposo.
3:10 of 1st period - Stopped by Calvin Petersen without a rebound.
3:11 of 1st period - Rem Pitlick wins face-off versus Dylan Cozens in Penguins zone.
3:26 of 1st period - Shot by Rem Pitlick.
3:26 of 1st period - Goal by Rem Pitlick - Devils : 0 - Penguins : 1.
3:27 of 1st period - Nick Suzuki wins face-off versus Evgeni Malkin in neutral zone.
3:36 of 1st period - Shot by Kevin Fiala.
3:36 of 1st period - Shot Misses the Net.
4:07 of 1st period - Icing by Mathew Dumba.
4:08 of 1st period - Dylan Cozens wins face-off versus Nick Suzuki in Penguins zone.
5:54 of 1st period - Icing by Matt Roy.
5:55 of 1st period - Evgeni Malkin wins face-off versus Rem Pitlick in Penguins zone.
5:55 of 1st period - Damon Severson is hit by Matt Roy and loses puck.
6:10 of 1st period - Shot by Rudolfs Balcers.
6:10 of 1st period - Shot Misses the Net.
6:38 of 1st period - Shot by Matt Boldy.
6:38 of 1st period - Shot Misses the Net.
6:40 of 1st period - Shot by Damon Severson.
6:40 of 1st period - Stopped by Calvin Petersen without a rebound.
6:41 of 1st period - Sam Reinhart wins face-off versus Nick Suzuki in Penguins zone.
7:05 of 1st period - Icing by Jeff Petry.
7:06 of 1st period - Nick Suzuki wins face-off versus Dylan Cozens in Penguins zone.
7:11 of 1st period - Urho Vaakanainen is hit by Nick Suzuki and loses puck.
7:45 of 1st period - Icing by Mathew Dumba.
7:46 of 1st period - Sam Reinhart wins face-off versus Nick Suzuki in Penguins zone.
7:52 of 1st period - Icing by Mathew Dumba.
7:53 of 1st period - Sam Reinhart wins face-off versus Nick Suzuki in Penguins zone.
9:09 of 1st period - Shot by Evgeni Malkin.
9:09 of 1st period - Shot Blocked by Justin Faulk.
9:11 of 1st period - Shot by Erik Gustafsson.
9:11 of 1st period - Stopped by Calvin Petersen with a rebound.
9:13 of 1st period - Shot by Damon Severson.
9:13 of 1st period - Stopped by Calvin Petersen without a rebound.
9:14 of 1st period - Ryan Poehling wins face-off versus Dylan Cozens in Penguins zone.
9:19 of 1st period - Mike Hoffman is hit by Julien Gauthier.
9:33 of 1st period - Shot by Logan O'Connor.
9:33 of 1st period - Stopped by Andrei Vasilevskiy without a rebound.
9:34 of 1st period - Rem Pitlick wins face-off versus Nicklas Backstrom in Devils zone.
10:30 of 1st period - Icing by Dominik Kubalik.
10:31 of 1st period - Nicklas Backstrom wins face-off versus Seth Jarvis in Devils zone.
10:31 of 1st period - Dominik Kubalik is hit by Josh Anderson and loses puck.
10:49 of 1st period - Off-side.
10:50 of 1st period - Evgeni Malkin wins face-off versus Nick Suzuki in neutral zone.
11:18 of 1st period - Shot by Cole Caufield.
11:18 of 1st period - Stopped by Andrei Vasilevskiy with a rebound.
11:20 of 1st period - Shot by Henri Jokiharju.
11:20 of 1st period - Stopped by Andrei Vasilevskiy without a rebound.
11:21 of 1st period - Sam Reinhart wins face-off versus Ryan Poehling in Devils zone.
11:21 of 1st period - Sam Reinhart is hit by Julien Gauthier.
12:07 of 1st period - Travis Konecny is hit by Justin Faulk and loses puck.
12:15 of 1st period - Icing by Devon Toews.
12:16 of 1st period - Ryan Poehling wins face-off versus Mathieu Joseph in Penguins zone.
13:20 of 1st period - Off-side.
13:21 of 1st period - Nick Suzuki wins face-off versus Evgeni Malkin in neutral zone.
13:28 of 1st period - Shot by Cole Caufield.
13:28 of 1st period - Shot Blocked by Erik Gustafsson.
13:31 of 1st period - Icing by Damon Severson.
13:32 of 1st period - Rem Pitlick wins face-off versus Evgeni Malkin in Devils zone.
13:59 of 1st period - Shot by Matt Boldy.
13:59 of 1st period - Stopped by Calvin Petersen with a rebound.
14:01 of 1st period - Shot by Damon Severson.
14:01 of 1st period - Stopped by Calvin Petersen without a rebound.
14:02 of 1st period - Nick Suzuki wins face-off versus Travis Konecny in Penguins zone.
14:46 of 1st period - Shot by Sam Reinhart.
14:46 of 1st period - Goal by Sam Reinhart - Devils : 1 - Penguins : 1.
14:47 of 1st period - Evgeni Malkin wins face-off versus Seth Jarvis in neutral zone.
15:20 of 1st period - Minor Penalty to Josh Anderson for Hooking.
15:21 of 1st period - Ryan Poehling wins face-off versus Sam Reinhart in Penguins zone.
16:00 of 1st period - Shot by Travis Konecny.
16:00 of 1st period - Stopped by Calvin Petersen with a rebound.
16:40 of 1st period - Shot by Matt Boldy.
16:40 of 1st period - Shot Misses the Net.
16:42 of 1st period - Shot by Dougie Hamilton.
16:42 of 1st period - Stopped by Calvin Petersen with a rebound.
16:44 of 1st period - Shot by Mikhail Sergachev.
16:44 of 1st period - Goal by Mikhail Sergachev - Devils : 2 - Penguins : 1.
16:45 of 1st period - Dylan Cozens wins face-off versus Seth Jarvis in neutral zone.
17:04 of 1st period - Off-side.
17:05 of 1st period - Rem Pitlick wins face-off versus Nicklas Backstrom in neutral zone.
17:05 of 1st period - Justin Faulk is hit by Kyle Okposo and loses puck.
17:10 of 1st period - Shot by Devon Toews.
17:10 of 1st period - Stopped by Andrei Vasilevskiy with a rebound.
17:12 of 1st period - Shot by Devon Toews.
17:12 of 1st period - Stopped by Andrei Vasilevskiy without a rebound.
17:13 of 1st period - Dylan Cozens wins face-off versus Kevin Fiala in Devils zone.
17:17 of 1st period - Dougie Hamilton is hit by Jeff Petry and loses puck.
17:30 of 1st period - Shot by Mathieu Joseph.
17:30 of 1st period - Shot Blocked by Jeff Petry.
17:47 of 1st period - Dylan Cozens is hit by Mathew Dumba.
18:04 of 1st period - Cole Caufield is hit by Mikhail Sergachev.
18:49 of 1st period - Seth Jarvis is hit by Damon Severson and loses puck.
18:58 of 1st period - Shot by Erik Gustafsson.
18:58 of 1st period - Stopped by Calvin Petersen without a rebound.
18:59 of 1st period - Evgeni Malkin wins face-off versus Ryan Poehling in Penguins zone.
19:31 of 1st period - Shot by Matt Roy.
19:31 of 1st period - Shot Blocked by Justin Schultz.
19:33 of 1st period - Shot by Henri Jokiharju.
19:33 of 1st period - Shot Misses the Net.
19:52 of 1st period - Icing by Logan O'Connor.
19:53 of 1st period - Sam Reinhart wins face-off versus Julien Gauthier in Penguins zone.
Goals for this period are 2 for Devils vs 1 for Penguins.
Shots for this period are 11 for Devils vs 6 for Penguins.

2nd period


0:01 of 2nd period - Sam Reinhart wins face-off versus Nick Suzuki in neutral zone.
0:44 of 2nd period - Shot by Devon Toews.
0:44 of 2nd period - Stopped by Andrei Vasilevskiy without a rebound.
0:45 of 2nd period - Seth Jarvis wins face-off versus Evgeni Malkin in Devils zone.
0:46 of 2nd period - Shot by Josh Anderson.
0:46 of 2nd period - Stopped by Andrei Vasilevskiy without a rebound.
0:47 of 2nd period - Seth Jarvis wins face-off versus Evgeni Malkin in Devils zone.
0:47 of 2nd period - Phil Kessel is hit by Mikhail Sergachev and loses puck.
0:58 of 2nd period - Shot by Mathew Dumba.
0:58 of 2nd period - Stopped by Andrei Vasilevskiy without a rebound.
0:59 of 2nd period - Ryan Poehling wins face-off versus Dylan Cozens in Devils zone.
1:20 of 2nd period - Shot by Dylan Cozens.
1:20 of 2nd period - Shot Misses the Net.
1:37 of 2nd period - Icing by Dylan Cozens.
1:38 of 2nd period - Mike Hoffman wins face-off versus Nick Suzuki in Devils zone.
1:42 of 2nd period - Icing by Mathieu Joseph.
1:43 of 2nd period - Nick Suzuki wins face-off versus Dylan Cozens in Devils zone.
2:02 of 2nd period - Icing by Jeff Petry.
2:03 of 2nd period - Nick Suzuki wins face-off versus Evgeni Malkin in Penguins zone.
2:20 of 2nd period - Shot by Cole Caufield.
2:20 of 2nd period - Shot Misses the Net.
3:35 of 2nd period - Icing by Mikhail Sergachev.
3:36 of 2nd period - Ryan Poehling wins face-off versus Sam Reinhart in Devils zone.
3:57 of 2nd period - Shot by Logan O'Connor.
3:57 of 2nd period - Shot Misses the Net.
3:59 of 2nd period - Shot by Matt Roy.
3:59 of 2nd period - Shot Misses the Net.
4:22 of 2nd period - Off-side.
4:23 of 2nd period - Nick Suzuki wins face-off versus Dylan Cozens in neutral zone.
4:36 of 2nd period - Shot by Nick Suzuki.
4:36 of 2nd period - Deflect By Kevin Fiala.
4:36 of 2nd period - Shot Blocked by Damon Severson.
4:38 of 2nd period - Shot by Mathew Dumba.
4:38 of 2nd period - Stopped by Andrei Vasilevskiy without a rebound.
4:39 of 2nd period - Matt Boldy wins face-off versus Seth Jarvis in Devils zone.
4:39 of 2nd period - Matt Boldy is hit by Seth Jarvis.
5:09 of 2nd period - Shot by Josh Anderson.
5:09 of 2nd period - Stopped by Andrei Vasilevskiy without a rebound.
5:10 of 2nd period - Nick Suzuki wins face-off versus Dylan Cozens in Devils zone.
5:11 of 2nd period - Shot by Cole Caufield.
5:11 of 2nd period - Shot Misses the Net.
5:36 of 2nd period - Cole Caufield is hit by Erik Gustafsson and loses puck.
5:42 of 2nd period - Icing by Mike Hoffman.
5:43 of 2nd period - Seth Jarvis wins face-off versus Dylan Cozens in Devils zone.
5:50 of 2nd period - Shot by Phil Kessel.
5:50 of 2nd period - Shot Misses the Net.
5:52 of 2nd period - Shot by Justin Faulk.
5:52 of 2nd period - Shot Blocked by Mathieu Joseph.
5:54 of 2nd period - Shot by Josh Anderson.
5:54 of 2nd period - Stopped by Andrei Vasilevskiy without a rebound.
5:55 of 2nd period - Evgeni Malkin wins face-off versus Rem Pitlick in Devils zone.
5:57 of 2nd period - Minor Penalty to Aliaksei Protas for Tripping.
5:58 of 2nd period - Sam Reinhart wins face-off versus Ryan Poehling in Penguins zone.
6:09 of 2nd period - Shot by Dougie Hamilton.
6:09 of 2nd period - Stopped by Calvin Petersen without a rebound.
6:10 of 2nd period - Ryan Poehling wins face-off versus Evgeni Malkin in Penguins zone.
6:10 of 2nd period - Devon Toews is hit by Evgeni Malkin and loses puck.
6:17 of 2nd period - Shot by Dougie Hamilton.
6:17 of 2nd period - Stopped by Calvin Petersen with a rebound.
6:19 of 2nd period - Shot by Evgeni Malkin.
6:19 of 2nd period - Stopped by Calvin Petersen without a rebound.
6:20 of 2nd period - Ryan Poehling wins face-off versus Chris Kreider in Penguins zone.
8:08 of 2nd period - Shot by Seth Jarvis.
8:08 of 2nd period - Stopped by Andrei Vasilevskiy without a rebound.
8:09 of 2nd period - Rem Pitlick wins face-off versus Nicklas Backstrom in Devils zone.
8:25 of 2nd period - Icing by Jeff Petry.
8:26 of 2nd period - Sam Reinhart wins face-off versus Rudolfs Balcers in Penguins zone.
8:37 of 2nd period - Shot by Rudolfs Balcers.
8:37 of 2nd period - Shot Misses the Net.
8:39 of 2nd period - Shot by Rudolfs Balcers.
8:39 of 2nd period - Goal by Rudolfs Balcers - Devils : 2 - Penguins : 2.
8:40 of 2nd period - Evgeni Malkin wins face-off versus Nick Suzuki in neutral zone.
10:17 of 2nd period - Shot by Seth Jarvis.
10:17 of 2nd period - Stopped by Andrei Vasilevskiy without a rebound.
10:18 of 2nd period - Logan O'Connor wins face-off versus Dylan Cozens in Devils zone.
10:22 of 2nd period - Icing by Urho Vaakanainen.
10:23 of 2nd period - Dylan Cozens wins face-off versus Ryan Poehling in Devils zone.
10:23 of 2nd period - Dylan Cozens is hit by Julien Gauthier.
11:09 of 2nd period - Mathieu Joseph is hit by Julien Gauthier and loses puck.
11:13 of 2nd period - Off-side.
11:14 of 2nd period - Sam Reinhart wins face-off versus Nick Suzuki in neutral zone.
11:14 of 2nd period - Travis Konecny is hit by Nick Suzuki and loses puck.
11:33 of 2nd period - Shot by Sam Reinhart.
11:33 of 2nd period - Shot Blocked by Devon Toews.
11:35 of 2nd period - Shot by Chris Kreider.
11:35 of 2nd period - Stopped by Calvin Petersen without a rebound.
11:36 of 2nd period - Seth Jarvis wins face-off versus Evgeni Malkin in Penguins zone.
12:02 of 2nd period - Icing by Matt Boldy.
12:03 of 2nd period - Nick Suzuki wins face-off versus Evgeni Malkin in Devils zone.
12:35 of 2nd period - Shot by Nick Suzuki.
12:35 of 2nd period - Shot Blocked by Damon Severson.
12:59 of 2nd period - Shot by Josh Anderson.
12:59 of 2nd period - Shot Misses the Net.
14:07 of 2nd period - Shot by Rem Pitlick.
14:07 of 2nd period - Stopped by Andrei Vasilevskiy without a rebound.
14:08 of 2nd period - Mathieu Joseph wins face-off versus Logan O'Connor in Devils zone.
14:39 of 2nd period - Shot by Mike Hoffman.
14:39 of 2nd period - Stopped by Calvin Petersen without a rebound.
14:40 of 2nd period - Nick Suzuki wins face-off versus Nicklas Backstrom in Penguins zone.
14:40 of 2nd period - Kevin Fiala is hit by Nicklas Backstrom and loses puck.
15:10 of 2nd period - Cole Caufield is hit by Mikhail Sergachev.
15:11 of 2nd period - Minor Penalty to Mikhail Sergachev for Interference.
15:12 of 2nd period - Seth Jarvis wins face-off versus Dylan Cozens in Devils zone.
15:13 of 2nd period - Shot by Justin Faulk.
15:13 of 2nd period - Shot Misses the Net.
15:15 of 2nd period - Shot by Devon Toews.
15:15 of 2nd period - Shot Misses the Net.
15:17 of 2nd period - Shot by Logan O'Connor.
15:17 of 2nd period - Stopped by Andrei Vasilevskiy without a rebound.
15:18 of 2nd period - Seth Jarvis wins face-off versus Dylan Cozens in Devils zone.
15:32 of 2nd period - Off-side.
15:33 of 2nd period - Nick Suzuki wins face-off versus Kyle Okposo in neutral zone.
16:02 of 2nd period - Shot by Nicklas Backstrom.
16:02 of 2nd period - Shot Misses the Net.
16:10 of 2nd period - Shot by Kevin Fiala.
16:10 of 2nd period - Shot Blocked by Erik Gustafsson.
16:12 of 2nd period - Shot by Kevin Fiala.
16:12 of 2nd period - Shot Misses the Net.
16:32 of 2nd period - Shot by Nicklas Backstrom.
16:32 of 2nd period - Shot Blocked by Mathew Dumba.
17:29 of 2nd period - Shot by Aliaksei Protas.
17:29 of 2nd period - Stopped by Andrei Vasilevskiy without a rebound.
17:30 of 2nd period - Ryan Poehling wins face-off versus Evgeni Malkin in Devils zone.
18:00 of 2nd period - Shot by Evgeni Malkin.
18:00 of 2nd period - Shot Misses the Net.
18:06 of 2nd period - Shot by Ryan Poehling.
18:06 of 2nd period - Stopped by Andrei Vasilevskiy without a rebound.
18:07 of 2nd period - Seth Jarvis wins face-off versus Sam Reinhart in Devils zone.
18:15 of 2nd period - Icing by Dougie Hamilton.
18:16 of 2nd period - Seth Jarvis wins face-off versus Sam Reinhart in Devils zone.
18:29 of 2nd period - Shot by Travis Konecny.
18:29 of 2nd period - Shot Misses the Net.
18:53 of 2nd period - Shot by Travis Konecny.
18:53 of 2nd period - Deflect By Sam Reinhart.
18:53 of 2nd period - Stopped by Calvin Petersen without a rebound.
18:54 of 2nd period - Nick Suzuki wins face-off versus Dylan Cozens in Penguins zone.
Goals for this period are 0 for Devils vs 1 for Penguins.
Shots for this period are 6 for Devils vs 13 for Penguins.

3rd period


0:01 of 3rd period - Nick Suzuki wins face-off versus Sam Reinhart in neutral zone.
0:04 of 3rd period - Shot by Cole Caufield.
0:04 of 3rd period - Shot Misses the Net.
0:17 of 3rd period - Icing by Mathew Dumba.
0:18 of 3rd period - Evgeni Malkin wins face-off versus Kevin Fiala in Penguins zone.
0:39 of 3rd period - Shot by Nick Suzuki.
0:39 of 3rd period - Stopped by Andrei Vasilevskiy with a rebound.
0:41 of 3rd period - Shot by Jeff Petry.
0:41 of 3rd period - Shot Blocked by Nino Niederreiter.
1:37 of 3rd period - Matt Boldy is hit by Josh Anderson and loses puck.
1:54 of 3rd period - Shot by Josh Anderson.
1:54 of 3rd period - Stopped by Andrei Vasilevskiy without a rebound.
1:55 of 3rd period - Sam Reinhart wins face-off versus Ryan Poehling in Devils zone.
1:55 of 3rd period - Sam Reinhart is hit by Julien Gauthier.
3:13 of 3rd period - Shot by Aliaksei Protas.
3:13 of 3rd period - Shot Misses the Net.
3:54 of 3rd period - Dylan Cozens is hit by Justin Faulk and loses puck.
4:37 of 3rd period - Shot by Nick Suzuki.
4:37 of 3rd period - Shot Misses the Net.
4:39 of 3rd period - Shot by Kevin Fiala.
4:39 of 3rd period - Shot Blocked by Mathieu Joseph.
4:41 of 3rd period - Shot by Kevin Fiala.
4:41 of 3rd period - Shot Misses the Net.
4:43 of 3rd period - Shot by Matt Roy.
4:43 of 3rd period - Stopped by Andrei Vasilevskiy with a rebound.
4:55 of 3rd period - Shot by Kevin Fiala.
4:55 of 3rd period - Shot Blocked by Dylan Cozens.
5:16 of 3rd period - Mathieu Joseph is hit by Mathew Dumba.
6:13 of 3rd period - Icing by Rudolfs Balcers.
6:14 of 3rd period - Nicklas Backstrom wins face-off versus Aliaksei Protas in Penguins zone.
6:14 of 3rd period - Nicklas Backstrom is hit by Justin Faulk.
6:27 of 3rd period - Rem Pitlick is hit by Dougie Hamilton and loses puck.
6:52 of 3rd period - Shot by Rem Pitlick.
6:52 of 3rd period - Stopped by Andrei Vasilevskiy without a rebound.
6:53 of 3rd period - Sam Reinhart wins face-off versus Nick Suzuki in Devils zone.
7:07 of 3rd period - Shot by Nick Suzuki.
7:07 of 3rd period - Stopped by Andrei Vasilevskiy without a rebound.
7:08 of 3rd period - Evgeni Malkin wins face-off versus Seth Jarvis in Devils zone.
7:08 of 3rd period - Evgeni Malkin is hit by Josh Anderson.
7:31 of 3rd period - Shot by Seth Jarvis.
7:31 of 3rd period - Shot Blocked by Damon Severson.
7:33 of 3rd period - Shot by Mathew Dumba.
7:33 of 3rd period - Stopped by Andrei Vasilevskiy without a rebound.
7:34 of 3rd period - Nick Suzuki wins face-off versus Sam Reinhart in Devils zone.
8:00 of 3rd period - Icing by Devon Toews.
8:01 of 3rd period - Nick Suzuki wins face-off versus Dylan Cozens in Penguins zone.
8:34 of 3rd period - Justin Faulk is hit by Mike Hoffman and loses puck.
9:17 of 3rd period - Shot by Sam Reinhart.
9:17 of 3rd period - Stopped by Calvin Petersen without a rebound.
9:18 of 3rd period - Evgeni Malkin wins face-off versus Ryan Poehling in Penguins zone.
10:33 of 3rd period - Shot by Seth Jarvis.
10:33 of 3rd period - Stopped by Andrei Vasilevskiy without a rebound.
10:34 of 3rd period - Sam Reinhart wins face-off versus Rem Pitlick in Devils zone.
10:41 of 3rd period - Devon Toews is hit by Chris Kreider.
11:16 of 3rd period - Shot by Sam Reinhart.
11:16 of 3rd period - Shot Blocked by Justin Faulk.
11:40 of 3rd period - Off-side.
11:41 of 3rd period - Dylan Cozens wins face-off versus Nick Suzuki in neutral zone.
12:04 of 3rd period - Shot by Kevin Fiala.
12:04 of 3rd period - Shot Misses the Net.
12:24 of 3rd period - Shot by Dylan Cozens.
12:24 of 3rd period - Shot Blocked by Jeff Petry.
12:26 of 3rd period - Shot by Dylan Cozens.
12:26 of 3rd period - Stopped by Calvin Petersen without a rebound.
12:27 of 3rd period - Evgeni Malkin wins face-off versus Seth Jarvis in Penguins zone.
12:51 of 3rd period - Phil Kessel is hit by Damon Severson and loses puck.
12:58 of 3rd period - Shot by Phil Kessel.
12:58 of 3rd period - Shot Misses the Net.
14:10 of 3rd period - Sam Reinhart is hit by Logan O'Connor.
14:38 of 3rd period - Mikhail Sergachev is hit by Nick Suzuki and loses puck.
14:56 of 3rd period - Kevin Fiala is hit by Mikhail Sergachev and loses puck.
15:08 of 3rd period - Icing by Mikhail Sergachev.
15:09 of 3rd period - Dylan Cozens wins face-off versus Josh Anderson in Devils zone.
15:09 of 3rd period - Dylan Cozens is hit by Josh Anderson.
15:12 of 3rd period - Icing by Mike Hoffman.
15:13 of 3rd period - Dylan Cozens wins face-off versus Seth Jarvis in Devils zone.
15:56 of 3rd period - Minor Penalty to Dougie Hamilton for Hooking.
15:57 of 3rd period - Nick Suzuki wins face-off versus Nicklas Backstrom in Devils zone.
15:58 of 3rd period - Shot by Kevin Fiala.
15:58 of 3rd period - Shot Misses the Net.
16:00 of 3rd period - Shot by Nick Suzuki.
16:00 of 3rd period - Shot Misses the Net.
16:02 of 3rd period - Shot by Justin Faulk.
16:02 of 3rd period - Stopped by Andrei Vasilevskiy without a rebound.
16:03 of 3rd period - Nicklas Backstrom wins face-off versus Nick Suzuki in Devils zone.
16:18 of 3rd period - Shot by Cole Caufield.
16:18 of 3rd period - Stopped by Andrei Vasilevskiy without a rebound.
16:19 of 3rd period - Dylan Cozens wins face-off versus Seth Jarvis in Devils zone.
16:50 of 3rd period - Shot by Jeff Petry.
16:50 of 3rd period - Shot Misses the Net.
17:24 of 3rd period - Icing by Justin Faulk.
17:25 of 3rd period - Nicklas Backstrom wins face-off versus Nick Suzuki in Penguins zone.
18:26 of 3rd period - Shot by Nino Niederreiter.
18:26 of 3rd period - Stopped by Calvin Petersen without a rebound.
18:27 of 3rd period - Sam Reinhart wins face-off versus Seth Jarvis in Penguins zone.
18:27 of 3rd period - Chris Kreider is hit by Mathew Dumba and loses puck.
18:52 of 3rd period - Shot by Travis Konecny.
18:52 of 3rd period - Stopped by Calvin Petersen without a rebound.
18:53 of 3rd period - Nick Suzuki wins face-off versus Evgeni Malkin in Penguins zone.
18:53 of 3rd period - Nick Suzuki is hit by Nino Niederreiter.
19:27 of 3rd period - Shot by Evgeni Malkin.
19:27 of 3rd period - Stopped by Calvin Petersen without a rebound.
19:28 of 3rd period - Dylan Cozens wins face-off versus Phil Kessel in Penguins zone.
19:47 of 3rd period - Shot by Josh Anderson.
19:47 of 3rd period - Shot Misses the Net.
19:49 of 3rd period - Shot by Mathew Dumba.
19:49 of 3rd period - Shot Misses the Net.
19:54 of 3rd period - Seth Jarvis is hit by Dougie Hamilton and loses puck.
19:57 of 3rd period - Shot by Jeff Petry.
19:57 of 3rd period - Shot Blocked by Mikhail Sergachev.
19:59 of 3rd period - Shot by Josh Anderson.
19:59 of 3rd period - Shot Misses the Net.
Goals for this period are 0 for Devils vs 0 for Penguins.
Shots for this period are 5 for Devils vs 9 for Penguins.

Overtime #1


0:01 of 1st overtime period - Sam Reinhart wins face-off versus Nick Suzuki in neutral zone.
0:06 of 1st overtime period - Shot by Chris Kreider.
0:06 of 1st overtime period - Shot Misses the Net.
0:28 of 1st overtime period - Shot by Chris Kreider.
0:28 of 1st overtime period - Stopped by Calvin Petersen without a rebound.
0:29 of 1st overtime period - Nick Suzuki wins face-off versus Sam Reinhart in Penguins zone.
1:31 of 1st overtime period - Shot by Cole Caufield.
1:31 of 1st overtime period - Goal by Cole Caufield - Devils : 2 - Penguins : 3.
Goals for this period are 0 for Devils vs 1 for Penguins.
Shots for this period are 1 for Devils vs 1 for Penguins.